 Dungeon Crawl Stone Soup version 0.26.1-10-gdfb7c7de75 (webtiles) character file.

Game seed: 5778439356756725583

105 oldmanjim the Ruffian (level 4, -1/38 HPs)
             Began as a Draconian Transmuter on Apr 7, 2021.
             Splashed by a jelly's acid (5 damage)
             ... on level 3 of the Dungeon.
             The game lasted 00:11:35 (3001 turns).

oldmanjim the Ruffian (Draconian Transmuter)        Turns: 3001, Time: 00:11:35

Health: -1/38      AC:  1    Str: 13    XL:     4   Next: 53%
Magic:  6/7        EV: 12    Int: 14    God:
Gold:   62         SH:  0    Dex: 11    Spells: 6/7 levels left

rFire    . . .     SeeInvis .     - Unarmed
rCold    . . .     Faith    .   (no shield)
rNeg     . . .     Spirit   .   (armour unavailable)
rPois    .         Reflect  .   (helmet currently unavailable)
rElec    .         Harm     .   (no cloak)
rCorr    .         Rampage  .   (no gloves)
Will     .....                  (boots currently unavailable)
Stlth    +.........             (no amulet)
HPRegen  0.12/turn              (no ring)
MPRegen  0.10/turn              (no ring)

@: appendages, corroded
A: unfitting armour, horns 2, talons 2, cold-blooded, AC +5
a: End Transformation


You were on level 3 of the Dungeon.
You had grown temporary horns.
You had grown temporary talons.
You visited 1 branch of the dungeon, and saw 3 of its levels.

You collected 62 gold pieces.

Inventory:

Missiles
 i - 34 stones
Scrolls
 a - 4 scrolls of identify {unknown}
 c - a scroll of enchant weapon {unknown}
 h - a scroll of remove curse {unknown}
 j - a scroll of fog {unknown}
 m - a scroll of teleportation {unknown}
Potions
 b - 2 potions of degeneration {unknown}
 d - a potion of might {unknown}
 e - 2 potions of haste {unknown}
 f - a potion of lignification {unknown}
 g - a potion of heal wounds {unknown}
 k - 2 potions of magic {unknown}
 l - a potion of curing {unknown}


   Skills:
 * Level 3.5 Fighting
 - Level 1.7 Dodging
 + Level 3.6 Unarmed Combat
 - Level 2.0 Spellcasting
 + Level 2.9 Transmutations


You had 6 spell levels left.
You knew the following spells:

 Your Spells              Type           Power        Failure   Level
a - Beastly Appendage     Tmut           18%          7%          1

Your spell library contained the following spells:

 Spells                   Type           Power        Failure   Level
 Wereblood                Tmut           9%           11%         2
 Spider Form              Tmut/Pois      2%           36%         3
 Ice Form                 Ice/Tmut       5%           78%         4
 Blade Hands              Tmut           4%           89%         5


Dungeon Overview and Level Annotations

Branches:
Dungeon (3/15)

Altars:
Ru
Xom

Annotations:
D:3 Sigmund


Innate Abilities, Weirdness & Mutations

Your plain brown scales are hard. (AC +5)
You cannot fit into any form of body armour.
You are cold-blooded and may be slowed by cold attacks.
You have a pair of horns on your head.
You have razor-sharp toenails.


Message History

Level annotation: Sigmund You hear the rusting of a very distant drain.
There is a stone staircase leading up here.
There is a stone staircase leading up here.
A jelly comes into view.
Casting: Beastly Appendage (safe; 7% risk of failure)
Confirm with . or Enter, or press ? or * to list all spells.
You grow a pair of large bovine horns.
Your feet morph into talons.
You punch the jelly! The acid corrodes you!
Your hands burn!
* * * LOW HITPOINT WARNING * * *
You tail-slap the jelly, but do no damage.
The jelly is heavily wounded.
The jelly barely misses you.
You hit the jelly but do no damage.
Your hands burn!
* * * LOW HITPOINT WARNING * * *
You claw the jelly, but do no damage.
The jelly is heavily wounded.
The jelly barely misses you.
You hit the jelly.
Your hands burn!
You die...

#..####### #.
#######..# ##.
.........# #..
..$.?....#######
#..
................
..
#...####.#######
#. ##.# #.# #
#J##### #.# #
#.@...# #.# ###
####..# #.# #..
#..# #.# #.#
#<.# #. #.# #..#
#.#####.# #..#
#........ #..#
#.###.#.# #..#
#..#.#..#
#.<######..###.#


You could see a jelly.

Vanquished Creatures
  An orc wizard (D:3)
  A gnoll (D:1)
  An adder (D:2)
  A worm (D:3)
  3 leopard geckos
  4 giant cockroaches
  8 goblins
  9 hobgoblins
  A quokka (D:2)
  3 ball pythons
  5 bats
  3 frilled lizards (D:1)
  9 kobolds
  5 rats
54 creatures vanquished.

Notes
Turn   | Place    | Note
-------+----------+-------------------------------------------
     0 | D:1      | oldmanjim the Draconian Transmuter began the quest for the
                  | Orb.
     0 | D:1      | Reached XP level 1. HP: 16/16 MP: 3/3
   223 | D:1      | Reached XP level 2. HP: 24/24 MP: 3/5
   543 | D:1      | Reached XP level 3. HP: 13/30 MP: 6/6
  2089 | D:2      | Found a faded altar of an unknown god.
  2279 | D:2      | Found a shimmering altar of Xom.
  2282 | D:2      | Found a sparkling altar of Nemelex Xobeh.
  2282 | D:2      | Found a shimmering blue altar of Sif Muna.
  2284 | D:2      | Found an ornate altar of the Wu Jian Council.
  2284 | D:2      | Found a basalt altar of Yredelemnul.
  2284 | D:2      | Found a blossoming altar of Fedhas.
  2741 | D:3      | Reached XP level 4. HP: 35/38 MP: 5/7
  2784 | D:3      | Found a sacrificial altar of Ru.
  2843 | D:3      | Noticed Sigmund
  3001 | D:3      | Splashed by a jelly's acid

Illustrated notes

Levels and vault maps discovered:
D:1:      shiori_arrival_elements, layout_basic
D:2:      layout_basic, doesnt_xom_only_xom, chequers_ecumenical_altar_twisty,
          chequers_garden, chequers_serial_rivers_micro_b
D:3:      layout_loops_ring, nzn_wu_jian_contemplation, kennysheep_slug_shrine,
          cheibrodos_sewer_entry_bend, chequers_jeans,
          nicolae_ru_great_annihilating_truth, uniq_sigmund

Skill      XL: |  1  2  3 |
---------------+----------+-----
Fighting       | 2 3 |  3.5
Dodging        | |  1.7
Unarmed Combat | |  3.6
Spellcasting   | |  2.0
Transmutations | |  2.9

Action                   |  1- 3 |  4- 6 || total
-------------------------+-------+-------++-------
Melee: Unarmed           |   110 |    26 ||   136
       Tailslap          |     7 |     4 ||    11
       Kick              |    13 |     9 ||    22
       Headbutt          |     8 |     3 ||    11
       Punch             |     1 |       ||     1
 Cast: Beastly Appendage |    23 |     7 ||    30
Armor: Skin              |    39 |    50 ||    89
Dodge: Dodged            |    64 |    62 ||   126
